 Dungeon Crawl Stone Soup version 0.28-a0-1152-g9c71ebef14 (webtiles) character file.

Game seed: 5810821167019548404

0 spaghetti the Sneak (level 1, -2/18 HPs)
             Began as a Mummy Delver on Dec 14, 2021.
             Slain by a hound skeleton (3 damage)
             ... on level 4 of the Dungeon.
             The game lasted 00:00:15 (146 turns).

spaghetti the Sneak (Mummy Delver)                   Turns: 146, Time: 00:00:16

Health: -2/18      AC:  3    Str: 15    XL:     1   Next: 8%
Magic:  1/1        EV: 11    Int:  9    God:
Gold:   0          SH:  0    Dex: 13    Spells: 0/0 levels left

rFire   x . .      SeeInvis .   a - +0 falchion {long}
rCold   + . .      Faith    .   (no shield)
rNeg    + + +      Spirit   .   b - +0 leather armour
rPois   ∞          Reflect  .   (no helmet)
rElec   .          Harm     .   (no cloak)
rCorr   .          Rampage  .   (no gloves)
Will    .....                   (no boots)
Stlth   ++........              (no amulet)
HPRegen 0.06/turn               (no ring)
MPRegen 0.07/turn               (no ring)

@: no status effects
A: cold resistance 1, negative energy resistance 3, torment resistance 2, heat
vulnerability 1, no potions
a: no special abilities


You were on level 4 of the Dungeon.
You visited 1 branch of the dungeon, and saw 2 of its levels.


Innate Abilities, Weirdness & Mutations

You are immune to poison.
Your flesh is cold resistant. (rC+)
You are immune to negative energy. (rN+++)
You are immune to unholy pain and torment.
You are vulnerable to heat. (rF-)
You do not drink.


   Skills:
 + Level 3.0 Fighting
 - Level 1.5 Long Blades
 - Level 1.5 Dodging
 - Level 4.1 Stealth


You couldn't memorise any spells.
You didn't know any spells.
Your spell library was empty.

Inventory:

Hand Weapons
 a - a +0 falchion (weapon) {long}
Armour
 b - a +0 leather armour (worn)
Wands
 f - a wand of digging (3)
Scrolls
 c - a scroll of fog
 d - a scroll of magic mapping {!r}
 e - a scroll of fear

Dungeon Overview and Level Annotations

Branches:
Dungeon (5/15)
 Temple: D:4-7

Altars:

#. #.####
#....######
#.........#
#.........#
####
#.........#
#...
#...Z......
#... #..@.#
#... #....+
#...###...#
#.....!...####
#...>.........#
#...##.#+###.##
....... ..# #
##........#
#........#


You could see a hound skeleton.


Message History

🤖 Initializing magus.rc ...
Options error: Delay interrupt name "hungry" not recognised. (~/.crawlrc:4771) ✅ Successfully initialized magus.rc [v1.9.6] Welcome, spaghetti the Mummy Delver.
They say the Orb of Zot lies within this dungeon, but they say a lot of things.
Press ? for a list of commands and other information.
Found an escape hatch in the floor.
Found a stone staircase leading down and a stone staircase leading up.
Unknown command.
There is a stone staircase leading down here.
There is an escape hatch in the floor here.
A scorpion comes into view.
There is a stone staircase leading up here.
You climb upwards.
There is a stone staircase leading down here.
Unknown command.
Unknown command.
A ball python comes into view.
There are monsters nearby!
The ball python hisses angrily.
You hit the ball python but do no damage.
The ball python bites you. The ball python misses you.
The ball python bites you.
The ball python closely misses you. 😕 HP[-2]
You take 2 damage, and now have 16/18 hp.
You closely miss the ball python. The ball python closely misses you.
The ball python grabs you. The ball python constricts you.
You hit the ball python. The ball python bites you.
The ball python constricts you.
The ball python bites you but does no damage.
The ball python constricts you. 😮 HP[-3]
You take 3 damage, and now have 13/18 hp.
You closely miss the ball python.
The ball python bites you but does no damage.
The ball python constricts you. 😮 HP[-1]
You take 1 damage, and now have 12/18 hp.
You hit the ball python.
The ball python bites you but does no damage.
The ball python constricts you. The ball python bites you.
The ball python constricts you. 😮 HP[-2]
You take 2 damage, and now have 10/18 hp.
You barely miss the ball python. The ball python bites you.
* * * LOW HITPOINT WARNING * * *
The ball python constricts you.
* * * LOW HITPOINT WARNING * * *
😨 HP[-2]
You take 2 damage, and now have 8/18 hp.
You slash the ball python!
You kill the ball python! 😨 HP[+1] Unknown command.
You start resting.
A hound skeleton comes into view. 😕 HP[+6]
You regained 6 hp, and now have 15/18 hp.
You slash the hound skeleton! The hound skeleton barely misses you.
The hound skeleton closely misses you.
You barely miss the hound skeleton. The hound skeleton misses you.
You barely miss the hound skeleton. The hound skeleton bites you.
The hound skeleton bites you but does no damage. 😕 HP[-1]
You take 1 damage, and now have 14/18 hp.
You hit the hound skeleton. The hound skeleton bites you. x2
* * * LOW HITPOINT WARNING * * *
You are too injured to fight recklessly! 😨 HP[-5]
You take 5 damage, and now have 9/18 hp.
MASSIVE DAMAGE!! (PAUSE)
You hit the hound skeleton. The hound skeleton bites you.
* * * LOW HITPOINT WARNING * * *
😨 HP[-2]
You take 2 damage, and now have 7/18 hp.
You hit the hound skeleton. The hound skeleton misses you.
The hound skeleton bites you.
* * * LOW HITPOINT WARNING * * *
😱 HP[-3]
You take 3 damage, and now have 4/18 hp.
Unknown command.
You hit the hound skeleton but do no damage.
The hound skeleton barely misses you.
You hit the hound skeleton. The hound skeleton bites you.
* * * LOW HITPOINT WARNING * * *
The hound skeleton closely misses you. 😱 HP[-2]
You take 2 damage, and now have 2/18 hp.
Unknown command.
You closely miss the hound skeleton. The hound skeleton bites you.
* * * LOW HITPOINT WARNING * * *
The hound skeleton bites you.
You die...

Action                   || total
-------------------------++-------
Melee: Falchion          ||    16
Armor: Leather armour    ||     4
Dodge: Dodged            ||     9

Levels and vault maps discovered:
D:4:      cheibrodos_thug_alley, layout_basic, uniq_blork_the_orc, uniq_menkaure
D:5:      layout_layer_cave, nicolae_ru_path_of_blood, lemuel_round_altar,
          general_overflow_altar, uniq_eustachio

Notes
Turn   | Place    | Note
-------+----------+-------------------------------------------
     0 | D:5      | spaghetti the Mummy Delver began the quest for the Orb.
     0 | D:5      | Reached XP level 1. HP: 18/18 MP: 1/1
     0 | D:5      | magus.rc [v1.9.6]
    13 | D:5      | Noticed a scorpion
   143 | D:4      | HP: 4/18 [hound skeleton (3)]
   146 | D:4      | HP: 1/18 [hound skeleton (2)]
   146 | D:4      | Slain by a hound skeleton

Vanquished Creatures
  A ball python (D:4)
1 creature vanquished.

Table legend:
 A = Non-vault XP
 B = Vault XP
 C = Vault XP percentage of total XP
 D = Non-vault monster count
 E = Vault monster count
 F = Vault count percentage of total count
                 A         B        C        D         E       F
            +---------+---------+-------+---------+---------+-------
      Total |       1 |       0 |   0.0 |       1 |       0 |   0.0
            +---------+---------+-------+---------+---------+-------
        D:4 |       1 |       0 |   0.0 |       1 |       0 |   0.0
            +---------+---------+-------+---------+---------+-------

Illustrated notes

Table legend:
 A = Kills in this place as a percentage of kills in entire the game.
 B = Kills by you in this place as a percentage of kills by you in the entire game.
 C = Kills by friends in this place as a percentage of kills by friends in the entire game.
 D = Other kills in this place as a percentage of other kills in the entire game.
 E = Experience gained in this place as a percentage of experience gained in the entire game.
 F = Experience gained in this place divided by the number of levels of this place that you have seen.
                   A       B       C       D       E      F
               +-------+-------+-------+-------+-------+----------------------
         Total | 100.0 | 100.0 |   N/A |   N/A | 100.0 |   0.5
       Dungeon | 100.0 | 100.0 |   N/A |   N/A | 100.0 |   0.5
               +-------+-------+-------+-------+-------+----------------------

Table legend: (Time is in decaauts)
 A = Elapsed time spent in this place.
 B = Non-inter-level travel time spent in this place.
 C = Inter-level travel time spent in this place.
 D = Time resting spent in this place.
 E = Time spent auto-exploring this place.
 F = Levels seen in this place.
 G = Mean time per level.
                   A        B        C        D        E       F      G
               +--------+--------+--------+--------+--------+-----+--------+
         Total |    149 |    149 |      0 |    101 |     13 |   2 |   74.5 |
       Dungeon |    149 |    149 |      0 |    101 |     13 |   2 |   74.5 |
               +--------+--------+--------+--------+--------+-----+--------+

Top non-repeatable levels by time:
     D:4: 131 daAuts
     D:5: 18 daAuts
